 Dungeon Crawl Stone Soup version 0.30-a0-1163-gf69bf04e7a (webtiles) character file.

Game seed: 14315117477619501589

149 Nedwor the Cutter (level 5, -13/40 HPs)
             Began as a Demonspawn Gladiator on Apr 28, 2023.
             Mangled by Crazy Yiuf
             ... wielding a +3 quarterstaff of chaos
              (19 damage)
             ... on level 2 of the Dungeon.
             The game lasted 00:03:20 (2286 turns).

Nedwor the Cutter (Demonspawn Gladiator)            Turns: 2286, Time: 00:03:20

Health: -13/40     AC:  8    Str: 14    XL:     5   Next: 9%
Magic:  5/5        EV: 10    Int: 15    God:
Gold:   69         SH:  0    Dex: 16    Spells: 4/4 levels left

rFire   + . .        f - +10 rapier "Ynwemo" {flame, rF+ Str-3 Int+6 Dex+2}
rCold   . . .        (no shield)
rNeg    . . .        i - +0 scale mail
rPois   .            c - +0 helmet
rElec   .            (no cloak)
rCorr   +            (no gloves)
SInv    .            (no boots)
Will    +....        (no amulet) Stlth
                     h - ring of resist corrosion
HPRegen 0.26/turn    g - ring of willpower
MPRegen 0.09/turn

%: no passive effects
@: no status effects
A: sharp scales 1, demonic magic 1, demonic touch 1
a: no special abilities


You were on level 2 of the Dungeon.
You visited 1 branch of the dungeon, and saw 2 of its levels.

You collected 69 gold pieces.

Inventory:

Hand Weapons
 f - the +10 rapier "Ynwemo" (weapon) {flame, rF+ Str-3 Int+6 Dex+2}
   (You acquired it on level 2 of the Dungeon)

   Str:       It affects your strength (-3).
   Int:       It affects your intelligence (+6).
   Dex:       It affects your dexterity (+2).
   rF:        It protects you from fire.
Missiles
 d - 3 throwing nets (quivered)
 e - a javelin
Armour
 c - a +0 helmet (worn)
 i - a +0 scale mail (worn)
Jewellery
 g - a ring of willpower (right hand)
 h - a ring of resist corrosion (left hand)
Scrolls
 a - a scroll of identify
 b - a scroll of immolation {unknown}
 l - 2 scrolls of teleportation
Potions
 k - a potion of magic
 m - a potion of heal wounds
 n - a potion of curing {unknown}
 o - a potion of lignification {unknown}
 p - a potion of brilliance {unknown}


   Skills:
 + Level 2.9 Fighting
 * Level 3.9 Short Blades
 - Level 1.7 Throwing
 + Level 1.7 Armour
 + Level 3.3 Dodging


You had 4 spell levels left.
You didn't know any spells.
Your spell library contained the following spells:

 Spells                   Type           Power      Damage    Failure   Level
 Portal Projectile        Hex/Tloc       0%         N/A       98%         3
 Tukima's Dance           Hex            0%         N/A       98%         3
 Blade Hands              Tmut           0%         N/A       100%        5


Dungeon Overview and Level Annotations

Branches:
Dungeon (2/15)

Altars:

Annotations:
D:2 Crazy Yiuf


Innate Abilities, Weirdness & Mutations

You are partially covered in razor-sharp scales. (AC +1, Slay +1)
Spells you cast may paralyse adjacent enemies.
Your touch may inflict minor irresistible damage on your foes.


Message History

You see here a +0 dagger.
A goblin comes into view. It is wielding a +0 club.
A goblin is nearby!
A goblin is nearby!
A goblin is nearby!
The goblin closely misses you.
You barely miss the goblin. The goblin hits you with a +0 club.
You barely miss the goblin.
You touch the goblin.
You kill the goblin!
No target in view!
No target in view!
No target in view!
No target in view!
No target in view!
No target in view!
No target in view!
Things that are here:
a +0 club; a goblin corpse
Found a hammer.
Found a runed translucent door.
Crazy Yiuf shouts!
Crazy Yiuf says, "Cake!
Castle chair hand."
Could not explore, unopened runed door.
Could not explore, unopened runed door.
No reachable target in view!
You open the door.
Crazy Yiuf drinks a potion.
Crazy Yiuf flickers and vanishes!
Deactivating autopickup; reactivate with Ctrl-A.
Something hits you.
You convulse.
There is an open translucent door, spattered with blood here.
You hit something. You burn something. Something hits you!
You blink.
Something hits you but does no damage. Space warps horribly around you!
You closely miss something. Something hits you. Something freezes you.
You barely miss something. Your touch misses something. Something hits you!
* * * LOW HITPOINT WARNING * * *
Something freezes you.
* * * LOW HITPOINT WARNING * * *
You hit something. You burn something. Something hits you.
* * * LOW HITPOINT WARNING * * *
You are electrocuted!!
You die...

###[# ###.###
#.......# ##'## #.#
#####.### ##...## #.#
#.## ##.....## ###
#..# ##.......## ##.##
##.........##
########...#
.'.........'#
########.#.P.......
##.........##
#...##..#.........#
##.......##
#.@{'.####PP.....##
##.....## #)..###
##....#.# ##...##
##### ######.# ##'##
#.# #.# #.# #.# ###
#####.## #####.## #.#
#.......
##.##...###### #.#
#.###.#.
#...)รท.......######.#
#.# #.#.


There were no monsters in sight!

Vanquished Creatures
  Jessica (D:2)
  8 adders (D:2)
  A worm (D:2)
  2 dart slugs (D:1)
  3 bats (D:1)
  6 endoplasms
  2 giant cockroaches
  6 goblins
  4 hobgoblins
  2 quokkas
  3 ball pythons
  2 frilled lizards (D:1)
  4 kobolds
  2 rats
46 creatures vanquished.

Vanquished Creatures (others)
  A fungus (D:2)
1 creature vanquished.

Grand Total: 47 creatures vanquished

Notes
Turn   | Place    | Note
-------+----------+-------------------------------------------
     0 | D:1      | Nedwor the Demonspawn Gladiator began the quest for the
                  | Orb.
     0 | D:1      | Reached XP level 1. HP: 16/16 MP: 1/1
   101 | D:1      | Gained mutation: Spells you cast may paralyse adjacent
                  | enemies. [demonic ancestry]
   101 | D:1      | Reached XP level 2. HP: 21/22 MP: 2/2
   978 | D:2      | Gained mutation: You are partially covered in razor-sharp
                  | scales. (AC +1, Slay +1) [demonic ancestry]
   978 | D:2      | Reached XP level 3. HP: 18/28 MP: 3/3
  1061 | D:2      | Reached skill level 1 in Armour
  1062 | D:2      | Identified a scroll of acquirement
  1062 | D:2      | Acquired the +10 rapier "Ynwemo" {flame, rF+ Str-3 Int+6
                  | Dex+2}
  1258 | D:2      | Noticed Jessica
  1264 | D:2      | Killed Jessica
  1265 | D:2      | Reached XP level 4. HP: 23/34 MP: 4/4
  1676 | D:2      | Gained mutation: Your touch may inflict minor irresistible
                  | damage on your foes. [demonic ancestry]
  1676 | D:2      | Reached XP level 5. HP: 34/40 MP: 5/5
  2276 | D:2      | Found a runed translucent door.
  2277 | D:2      | Noticed Crazy Yiuf
  2286 | D:2      | Mangled by Crazy Yiuf

Illustrated notes

Levels and vault maps discovered:
D:1:      heliophobic_arrival_battle_scene, layout_loops_corners,
          corner_web_ring, minmay_statues_item
D:2:      layout_loops_corners, minivault_27, minmay_liquid_box,
          serial_bayou_crossing, uniq_jessica, uniq_crazy_yiuf_cottage

Skill      XL: |  1  2  3 |
---------------+----------+-----
Short Blades   | 3 |  3.9
Dodging        | 3 |  3.3
Armour         | 1 |  1.7
Fighting       | |  2.9
Throwing       | |  1.7

Action                     |  1- 3 |  4- 6 || total
---------------------------+-------+-------++-------
  Melee: Rapier            |    86 |    34 ||   120
         Punch             |     2 |       ||     2
         Touch             |       |     2 ||     2
    Use: Scroll            |     2 |     5 ||     7
 Armour: Leather armour    |    18 |     2 ||    20
         Scale mail        |       |     3 ||     3
  Dodge: Dodged            |    51 |    15 ||    66

Table legend: (Time is in decaauts)
 A = Elapsed time spent in this place.
 B = Non-inter-level travel time spent in this place.
 C = Inter-level travel time spent in this place.
 D = Time resting spent in this place.
 E = Time spent auto-exploring this place.
 F = Levels seen in this place.
 G = Mean time per level.
                   A        B        C        D        E       F      G
               +--------+--------+--------+--------+--------+-----+--------+
         Total |   2293 |   2234 |     59 |      4 |   1928 |   2 | 1146.5 |
       Dungeon |   2293 |   2234 |     59 |      4 |   1928 |   2 | 1146.5 |
               +--------+--------+--------+--------+--------+-----+--------+

Top non-repeatable levels by time:
     D:2: 1339 daAuts
     D:1: 954 daAuts
